Long Beach Ice Dogs vs Santa Cruz Tiger Sharks
Created - Monday, June 5, 2023 at 10:03
Goals
|
| Long Beach Ice Dogs |
2 |
2 |
0 |
4 |
| Santa Cruz Tiger Sharks |
2 |
2 |
2 |
6 |
|
Shots
|
| Long Beach Ice Dogs |
6 |
9 |
8 |
23 |
| Santa Cruz Tiger Sharks |
13 |
7 |
22 |
42 |
|
1st period
1. Santa Cruz Tiger Sharks , Jack Roslovic 37 (Kailer Yamamoto 44, Calle Rosen 30) at 4:57
2. Long Beach Ice Dogs , Darren Helm 21 (Brendan Gallagher 53, Gabriel Vilardi 40) at 9:24
3. Long Beach Ice Dogs , Gabriel Vilardi 44 (Brendan Gallagher 54, Trey Fix-Wolansky 9) at 11:30
4. Santa Cruz Tiger Sharks , Jack Roslovic 38 (Kailer Yamamoto 45, Tobias Bjornfot 19) at 15:43 (PP)
Penalties :
Zack Kassian (TRM) for Tripping (Minor) at 15:26, Wyatt Kalynuk (SCS) for Hooking (Minor) at 17:17
2nd period
5. Santa Cruz Tiger Sharks , Kevin Rooney 16 (Austin Strand 16, Kieffer Bellows 22) at 4:59
6. Long Beach Ice Dogs , Zack Kassian 21 (Victor Rask 42, Alex Galchenyuk 27) at 7:20
7. Santa Cruz Tiger Sharks , Travis Boyd 34 (Michael McLeod 52) at 7:32
8. Long Beach Ice Dogs , Darren Helm 22 (Gabriel Vilardi 41, Brendan Gallagher 55) at 8:39
Penalties :
Riley Stillman (TRM) for Hooking (Minor) at 10:06, Hunter Drew (SCS) for Roughing (Minor) at 13:53
3rd period
9. Santa Cruz Tiger Sharks , Zach Sanford 20 (Wyatt Kalynuk 8, Kailer Yamamoto 46) at 6:25
10. Santa Cruz Tiger Sharks , Travis Boyd 35 (Jesper Boqvist 51, Michael McLeod 53) at 6:31
Penalties :
Dysin Mayo (TRM) for Hooking (Minor) at 0:48
Goalie Stats
Lukas Dostal (TRM), 36 saves from 42 shots - (0.857), L, 11-12-1, 60:00 minutes
Mikhail Berdin (SCS), 19 saves from 23 shots - (0.826), W, 18-7-3, 60:00 minutes
Players Stats for Long Beach Ice Dogs
Player Name G A P +/- PIM S H SB GA TA FO MP PP MP PK MP
------------------------------------------------------------------------------------
Alex Galchenyuk 0 1 1 0 0 1 3 0 0 0 1/2 17:24 2:13 0:00
Brendan Gallagher 0 3 3 0 0 4 1 0 0 0 2/5 18:37 1:45 2:04
Darren Helm 2 0 2 0 0 4 2 0 0 0 0/0 18:10 1:45 1:46
Dysin Mayo 0 0 0 -1 2 0 1 1 0 1 0/0 21:34 1:54 0:58
Gabriel Vilardi 1 2 3 0 0 4 0 0 1 1 7/21 18:43 1:45 2:11
Janis Moser 0 0 0 1 0 1 1 0 0 0 0/0 21:16 2:04 2:01
Jansen Harkins 0 0 0 0 0 1 0 1 0 0 0/3 12:04 0:00 0:00
Jujhar Khaira 0 0 0 0 0 2 5 1 0 0 4/7 13:03 0:00 0:00
Justin Schultz 0 0 0 -1 0 1 1 2 0 2 0/0 23:46 1:54 2:47
Logan Brown 0 0 0 -1 0 1 1 0 0 0 0/0 9:56 0:00 0:18
Mathieu Olivier 0 0 0 0 0 0 1 0 0 1 0/0 12:29 0:00 0:00
Olli Juolevi 0 0 0 -1 0 0 0 0 0 1 0/0 17:01 0:00 1:43
Riley Stillman 0 0 0 1 2 0 3 2 0 0 0/0 20:37 2:04 0:43
Shane Bowers 0 0 0 -1 0 1 0 0 0 0 0/0 9:44 0:00 0:00
Trey Fix-Wolansky 0 1 1 -1 0 0 0 1 0 0 0/0 8:42 0:00 0:00
Victor Rask 0 1 1 0 0 0 3 0 1 1 9/17 19:23 2:13 2:11
William Lagesson 0 0 0 -1 0 1 3 0 0 0 0/0 15:49 0:00 0:18
Zack Kassian 1 0 1 0 2 2 3 0 0 2 0/3 17:24 2:13 0:00
Players Stats for Santa Cruz Tiger Sharks
Player Name G A P +/- PIM S H SB GA TA FO MP PP MP PK MP
------------------------------------------------------------------------------------
Alexander Volkov 0 0 0 -1 0 2 0 0 0 0 0/0 14:45 0:00 1:58
Austin Strand 0 1 1 1 0 0 0 0 0 1 0/0 22:54 2:13 1:52
Calle Rosen 0 1 1 -1 0 0 2 1 0 0 0/0 21:55 2:02 2:06
David Gustafsson 0 0 0 0 0 0 0 0 0 0 0/0 10:10 0:12 1:44
Evgeny Svechnikov 0 0 0 0 0 0 1 0 0 0 0/1 7:56 0:00 0:00
Hunter Drew 0 0 0 1 2 0 1 1 0 0 0/0 14:57 0:00 0:00
Jack Roslovic 2 0 2 0 0 7 3 1 1 0 16/20 18:20 2:06 0:00
Jesper Boqvist 0 1 1 2 0 3 3 0 1 0 0/1 17:38 1:57 0:16
Kailer Yamamoto 0 3 3 0 0 5 1 2 2 0 0/0 18:36 2:16 0:00
Kevin Rooney 1 0 1 -1 0 3 4 0 0 0 5/12 15:04 0:10 1:58
Kieffer Bellows 0 1 1 -1 0 2 1 0 1 0 0/0 12:11 0:00 0:00
Michael McLeod 0 2 2 2 0 2 0 0 1 0 13/23 17:27 1:59 0:00
Sean Day 0 0 0 -1 0 0 1 0 0 0 0/0 21:55 2:02 2:06
Steven Lorentz 0 0 0 0 0 1 0 0 0 0 0/0 8:39 0:00 1:44
Tobias Bjornfot 0 1 1 1 0 3 1 1 0 1 0/0 22:54 2:13 1:52
Travis Boyd 2 0 2 2 0 9 0 0 1 0 0/0 17:11 1:59 0:00
Wyatt Kalynuk 0 1 1 1 2 0 0 1 0 0 0/0 14:51 0:00 0:00
Zach Sanford 1 0 1 0 0 5 0 3 2 0 1/1 18:37 2:06 0:16
3 Stars
1 - Travis Boyd (SCS)
2 - Jack Roslovic (SCS)
3 - Darren Helm (TRM)
Power Play
Long Beach Ice Dogs - 0 on 2 Attempt(s) - 0.00%
Santa Cruz Tiger Sharks - 1 on 3 Attempt(s) - 33.33%
Penalty Kill
Long Beach Ice Dogs - 2 on 3 Attempt(s) - 66.67%
- Score 0 goal in Penalty Kill
Santa Cruz Tiger Sharks - 2 on 2 Attempt(s) - 100.00%
- Score 0 goal in Penalty Kill
Team Stat
Long Beach Ice Dogs - Hits : 28 - Faceoff Wins : 23 - Blocked Shots : 8 - Penalty Minutes : 6
Santa Cruz Tiger Sharks - Hits : 18 - Faceoff Wins : 35 - Blocked Shots : 10 - Penalty Minutes : 4
Official
Referees : Gord Dwyer and Dan O'Halloran
Linesman : Steve Barton and Brad Kovachik
Game Notes
No Game Note
Long Beach Ice Dogs
5 vs 5 Forward
Center Left Wing Right Wing Time % Phy DF OF
1 Gabriel Vilardi Darren Helm Brendan Gallagher 30 1 2 2
2 Victor Rask Alex Galchenyuk Zack Kassian 30 1 2 2
3 Jujhar Khaira Jansen Harkins Mathieu Olivier 25 1 2 2
4 Logan Brown Shane Bowers Trey Fix-Wolansky 15 1 2 2
5 vs 5 Defense
Defense Defense Time % Phy DF OF
1 Dysin Mayo Justin Schultz 35 1 2 2
2 Riley Stillman Janis Moser 35 1 2 2
3 William Lagesson Olli Juolevi 30 1 2 2
4 Dysin Mayo Justin Schultz 0 1 2 2
PowerPlay Forward
Center Left Wing Right Wing Time % Phy DF OF
1 Gabriel Vilardi Darren Helm Brendan Gallagher 50 1 2 2
2 Victor Rask Alex Galchenyuk Zack Kassian 50 1 2 2
PowerPlay Defense
Defense Defense Time % Phy DF OF
1 Dysin Mayo Justin Schultz 50 1 2 2
2 Riley Stillman Janis Moser 50 1 2 2
Penalty Kill 4 Players Forward
Center Wing Time % Phy DF OF
1 Brendan Gallagher Darren Helm 50 1 2 2
2 Gabriel Vilardi Victor Rask 50 1 2 2
Penalty Kill 4 Players Defense
Defense Defense Time % Phy DF OF
1 Dysin Mayo Justin Schultz 50 1 2 2
2 Riley Stillman Janis Moser 50 1 2 2
Penalty Kill - 3 Players Forward
Forward Time % Phy DF OF
1 Brendan Gallagher 50 1 2 2
2 Darren Helm 50 1 2 2
Penalty Kill - 3 Players Defense
Defense Defense Time % Phy DF OF
1 Dysin Mayo Justin Schultz 50 1 2 2
2 Riley Stillman Janis Moser 50 1 2 2
4 vs 4 Forward
Center Wing Time % Phy DF OF
1 Brendan Gallagher Darren Helm 50 1 2 2
2 Gabriel Vilardi Victor Rask 50 1 2 2
4 vs 4 Defense
Defense Defense Time % Phy DF OF
1 Dysin Mayo Justin Schultz 50 1 2 2
2 Riley Stillman Janis Moser 50 1 2 2
Last Minutes Offensive
Center Left Wing Right Wing Defense Defense
Gabriel Vilardi Darren Helm Brendan Gallagher Dysin Mayo Justin Schultz
Last Minutes Defensive
Center Left Wing Right Wing Defense Defense
Gabriel Vilardi Darren Helm Brendan Gallagher Dysin Mayo Justin Schultz
Goaltenders
Starting : Lukas Dostal
Backup : Akira Schmid
Extra Forwards
Normal : Shane Bowers, Jujhar Khaira, Logan Brown - PP : Shane Bowers, Jujhar Khaira - PK : Logan Brown
Extra Defensemen
Normal : William Lagesson, Olli Juolevi, Riley Stillman - PP : William Lagesson - PK : Olli Juolevi, Riley Stillman
Penalty Shots
Brendan Gallagher, Darren Helm, Gabriel Vilardi, Victor Rask, Alex Galchenyuk
Santa Cruz Tiger Sharks
5 vs 5 Forward
Center Left Wing Right Wing Time % Phy DF OF
1 Jack Roslovic Zach Sanford Kailer Yamamoto 30 1 2 2
2 Michael McLeod Travis Boyd Jesper Boqvist 30 1 2 2
3 Kevin Rooney Kieffer Bellows Alexander Volkov 25 1 2 2
4 David Gustafsson Evgeny Svechnikov Steven Lorentz 15 1 2 2
5 vs 5 Defense
Defense Defense Time % Phy DF OF
1 Tobias Bjornfot Austin Strand 35 1 2 2
2 Calle Rosen Sean Day 35 1 2 2
3 Hunter Drew Wyatt Kalynuk 30 1 2 2
4 Tobias Bjornfot Austin Strand 0 1 2 2
PowerPlay Forward
Center Left Wing Right Wing Time % Phy DF OF
1 Jack Roslovic Zach Sanford Kailer Yamamoto 50 1 2 2
2 Michael McLeod Travis Boyd Jesper Boqvist 50 1 2 2
PowerPlay Defense
Defense Defense Time % Phy DF OF
1 Tobias Bjornfot Austin Strand 50 1 2 2
2 Calle Rosen Sean Day 50 1 2 2
Penalty Kill 4 Players Forward
Center Wing Time % Phy DF OF
1 Kevin Rooney Alexander Volkov 50 1 2 2
2 David Gustafsson Steven Lorentz 50 1 2 2
Penalty Kill 4 Players Defense
Defense Defense Time % Phy DF OF
1 Tobias Bjornfot Austin Strand 50 1 2 2
2 Calle Rosen Sean Day 50 1 2 2
Penalty Kill - 3 Players Forward
Forward Time % Phy DF OF
1 Kevin Rooney 50 1 2 2
2 David Gustafsson 50 1 2 2
Penalty Kill - 3 Players Defense
Defense Defense Time % Phy DF OF
1 Tobias Bjornfot Austin Strand 50 1 2 2
2 Calle Rosen Sean Day 50 1 2 2
4 vs 4 Forward
Center Wing Time % Phy DF OF
1 Jack Roslovic Kailer Yamamoto 50 1 2 2
2 Michael McLeod Zach Sanford 50 1 2 2
4 vs 4 Defense
Defense Defense Time % Phy DF OF
1 Tobias Bjornfot Austin Strand 50 1 2 2
2 Calle Rosen Sean Day 50 1 2 2
Last Minutes Offensive
Center Left Wing Right Wing Defense Defense
Jack Roslovic Zach Sanford Kailer Yamamoto Tobias Bjornfot Austin Strand
Last Minutes Defensive
Center Left Wing Right Wing Defense Defense
Kevin Rooney David Gustafsson Alexander Volkov Tobias Bjornfot Austin Strand
Goaltenders
Starting : Mikhail Berdin
Backup : Carter Hart
Extra Forwards
Normal : David Gustafsson, Kevin Rooney, Alexander Volkov - PP : David Gustafsson, Kevin Rooney - PK : Alexander Volkov
Extra Defensemen
Normal : Hunter Drew, Wyatt Kalynuk, Calle Rosen - PP : Hunter Drew - PK : Wyatt Kalynuk, Calle Rosen
Penalty Shots
Jack Roslovic, Kailer Yamamoto, Michael McLeod, Zach Sanford, Travis Boyd
% Time on Ice - Long Beach Ice Dogs
Lines # - Real PCT - Wanted PCT - Time Play
Normal Forward
1 - 28% - 30% - 14:34
2 - 34% - 30% - 17:28
3 - 22% - 25% - 11:29
4 - 16% - 15% - 8:16
Normal Defense
1 - 36% - 35% - 18:33
2 - 34% - 35% - 17:51
3 - 29% - 30% - 15:13
4 - 0% - 0% - 0:10
PP Forward
1 - 44% - 50% - 1:45
2 - 56% - 50% - 2:13
PP Defense
1 - 48% - 50% - 1:54
2 - 52% - 50% - 2:04
PK Forward
1 - 49% - 50% - 2:04
2 - 51% - 50% - 2:11
PK Defense
1 - 57% - 50% - 2:26
2 - 43% - 50% - 1:49
PK3 Forward
1 - 0% - 50%
2 - 0% - 50%
PK3 Defense
1 - 0% - 50%
2 - 0% - 50%
44 Forward
1 - 0% - 50%
2 - 0% - 50%
44 Defense
1 - 0% - 50%
2 - 0% - 50%
Last Minute Offensive - 0:00
Last Minute Defensive - 0:00
Total
Forward - 60:00
Defense - 60:00
|
% Time on Ice - Santa Cruz Tiger Sharks
Lines # - Real PCT - Wanted PCT - Time Play
Normal Forward
1 - 31% - 30% - 16:11
2 - 34% - 30% - 17:48
3 - 22% - 25% - 11:13
4 - 13% - 15% - 6:35
Normal Defense
1 - 34% - 35% - 17:30
2 - 34% - 35% - 17:47
3 - 29% - 30% - 15:11
4 - 3% - 0% - 1:19
PP Forward
1 - 53% - 50% - 2:16
2 - 47% - 50% - 1:59
PP Defense
1 - 52% - 50% - 2:13
2 - 48% - 50% - 2:02
PK Forward
1 - 50% - 50% - 1:58
2 - 50% - 50% - 2:00
PK Defense
1 - 47% - 50% - 1:52
2 - 53% - 50% - 2:06
PK3 Forward
1 - 0% - 50%
2 - 0% - 50%
PK3 Defense
1 - 0% - 50%
2 - 0% - 50%
44 Forward
1 - 0% - 50%
2 - 0% - 50%
44 Defense
1 - 0% - 50%
2 - 0% - 50%
Last Minute Offensive - 0:00
Last Minute Defensive - 0:00
Total
Forward - 60:00
Defense - 60:00
|
Play-by-Play
1st period
0:01 of 1st period - Jack Roslovic wins face-off versus Gabriel Vilardi in neutral zone.
0:26 of 1st period - Michael McLeod is hit by Dysin Mayo and loses puck.
1:07 of 1st period - Janis Moser is hit by Evgeny Svechnikov and loses puck.
1:30 of 1st period - Kailer Yamamoto is hit by Riley Stillman and loses puck.
2:16 of 1st period - Snap shot by Kieffer Bellows.
2:16 of 1st period - Stopped by Lukas Dostal with a rebound.
2:18 of 1st period - Slapshot by Alexander Volkov.
2:18 of 1st period - Shot Misses the Net.
2:20 of 1st period - Slapshot by Tobias Bjornfot.
2:20 of 1st period - Stopped by Lukas Dostal with a rebound.
2:32 of 1st period - Snap shot by Steven Lorentz.
2:32 of 1st period - Shot Misses the Net.
2:34 of 1st period - Snap shot by David Gustafsson.
2:34 of 1st period - Shot Blocked by Jujhar Khaira.
3:01 of 1st period - Snap shot by Alex Galchenyuk.
3:01 of 1st period - Shot Misses the Net.
3:05 of 1st period - Slapshot by Victor Rask.
3:05 of 1st period - Shot Misses the Net.
3:21 of 1st period - Austin Strand is hit by Riley Stillman and loses puck.
3:42 of 1st period - Snap shot by Kevin Rooney.
3:42 of 1st period - Shot Misses the Net.
4:29 of 1st period - Off-side.
4:30 of 1st period - Michael McLeod wins face-off versus Brendan Gallagher in neutral zone.
4:57 of 1st period - Snap shot by Jack Roslovic.
4:57 of 1st period - Goal by Jack Roslovic - Long Beach Ice Dogs : 0 - Santa Cruz Tiger Sharks : 1.
4:58 of 1st period - Michael McLeod wins face-off versus Jansen Harkins in neutral zone.
5:05 of 1st period - Snap shot by Travis Boyd.
5:05 of 1st period - Stopped by Lukas Dostal with a rebound.
5:25 of 1st period - Kevin Rooney is hit by Alex Galchenyuk and loses puck.
5:48 of 1st period - Slapshot by Jack Roslovic.
5:48 of 1st period - Shot Misses the Net.
6:32 of 1st period - Wrist shot by Kieffer Bellows.
6:32 of 1st period - Deflect By Alexander Volkov.
6:32 of 1st period - Shot Blocked by Justin Schultz.
6:32 of 1st period - Puck is out of play.
6:33 of 1st period - Victor Rask wins face-off versus Kevin Rooney in Long Beach Ice Dogs zone.
6:33 of 1st period - Victor Rask is hit by Kieffer Bellows.
6:47 of 1st period - Slapshot by Alexander Volkov.
6:47 of 1st period - Shot Misses the Net.
6:51 of 1st period - Wrist shot by Kieffer Bellows.
6:51 of 1st period - Stopped by Lukas Dostal without a rebound.
6:52 of 1st period - Michael McLeod wins face-off versus Jansen Harkins in Long Beach Ice Dogs zone.
7:17 of 1st period - Travis Boyd is hit by Zack Kassian and loses puck.
8:08 of 1st period - Wrist shot by Jack Roslovic.
8:08 of 1st period - Stopped by Lukas Dostal without a rebound.
8:09 of 1st period - Kevin Rooney wins face-off versus Jujhar Khaira in Long Beach Ice Dogs zone.
8:14 of 1st period - Wrist shot by Alexander Volkov.
8:14 of 1st period - Shot Misses the Net.
8:16 of 1st period - Snap shot by Kevin Rooney.
8:16 of 1st period - Stopped by Lukas Dostal with a rebound.
8:34 of 1st period - Snap shot by David Gustafsson.
8:34 of 1st period - Shot Misses the Net.
8:36 of 1st period - Backhand shot by Steven Lorentz.
8:36 of 1st period - Stopped by Lukas Dostal with a rebound.
8:42 of 1st period - Snap shot by Evgeny Svechnikov.
8:42 of 1st period - Shot Misses the Net.
8:44 of 1st period - Slapshot by David Gustafsson.
8:44 of 1st period - Shot Blocked by Jansen Harkins.
9:06 of 1st period - Olli Juolevi is hit by Jack Roslovic.
9:22 of 1st period - Backhand shot by Brendan Gallagher.
9:22 of 1st period - Shot Blocked by Calle Rosen.
9:24 of 1st period - Slapshot by Darren Helm.
9:24 of 1st period - Goal by Darren Helm - Long Beach Ice Dogs : 1 - Santa Cruz Tiger Sharks : 1.
9:25 of 1st period - Zach Sanford wins face-off versus Gabriel Vilardi in neutral zone.
9:36 of 1st period - Wrist shot by Kailer Yamamoto.
9:36 of 1st period - Shot Misses the Net.
9:50 of 1st period - Janis Moser is hit by Kevin Rooney and loses puck.
10:19 of 1st period - Backhand shot by Travis Boyd.
10:19 of 1st period - Stopped by Lukas Dostal without a rebound.
10:20 of 1st period - Jack Roslovic wins face-off versus Victor Rask in Long Beach Ice Dogs zone.
11:30 of 1st period - Snap shot by Gabriel Vilardi.
11:30 of 1st period - Goal by Gabriel Vilardi - Long Beach Ice Dogs : 2 - Santa Cruz Tiger Sharks : 1.
11:31 of 1st period - Jack Roslovic wins face-off versus Victor Rask in neutral zone.
11:58 of 1st period - Jesper Boqvist is hit by Mathieu Olivier and loses puck.
12:07 of 1st period - Snap shot by Travis Boyd.
12:07 of 1st period - Shot Misses the Net.
12:09 of 1st period - Snap shot by Tobias Bjornfot.
12:09 of 1st period - Deflect By Travis Boyd.
12:09 of 1st period - Shot Blocked by Riley Stillman.
12:09 of 1st period - Puck is out of play.
12:10 of 1st period - Gabriel Vilardi wins face-off versus Kevin Rooney in Long Beach Ice Dogs zone.
12:35 of 1st period - Alex Galchenyuk is hit by Calle Rosen and loses puck.
13:55 of 1st period - Snap shot by Victor Rask.
13:55 of 1st period - Deflect By Jujhar Khaira.
13:55 of 1st period - Stopped by Mikhail Berdin without a rebound.
13:56 of 1st period - Jujhar Khaira wins face-off versus Jack Roslovic in Santa Cruz Tiger Sharks zone.
14:03 of 1st period - Wrist shot by Jujhar Khaira.
14:03 of 1st period - Stopped by Mikhail Berdin without a rebound.
14:04 of 1st period - Victor Rask wins face-off versus Michael McLeod in Santa Cruz Tiger Sharks zone.
14:05 of 1st period - Wrist shot by Zack Kassian.
14:05 of 1st period - Deflect By Victor Rask.
14:05 of 1st period - Shot Misses the Net.
14:05 of 1st period - Puck is out of play.
14:06 of 1st period - Victor Rask wins face-off versus Michael McLeod in Santa Cruz Tiger Sharks zone.
14:12 of 1st period - Off-side.
14:13 of 1st period - Michael McLeod wins face-off versus Victor Rask in neutral zone.
14:22 of 1st period - Snap shot by Travis Boyd.
14:22 of 1st period - Shot Misses the Net.
14:24 of 1st period - Snap shot by Travis Boyd.
14:24 of 1st period - Shot Misses the Net.
14:26 of 1st period - Snap shot by Travis Boyd.
14:26 of 1st period - Stopped by Lukas Dostal with a rebound.
14:28 of 1st period - Slapshot by Travis Boyd.
14:28 of 1st period - Stopped by Lukas Dostal with a rebound.
14:30 of 1st period - Snap shot by Jesper Boqvist.
14:30 of 1st period - Stopped by Lukas Dostal without a rebound.
14:31 of 1st period - Jack Roslovic wins face-off versus Brendan Gallagher in Long Beach Ice Dogs zone.
14:32 of 1st period - Snap shot by Kailer Yamamoto.
14:32 of 1st period - Shot Misses the Net.
14:48 of 1st period - Sean Day is hit by William Lagesson and loses puck.
15:26 of 1st period - Minor Penalty to Zack Kassian for Tripping.
15:27 of 1st period - Jack Roslovic wins face-off versus Brendan Gallagher in Long Beach Ice Dogs zone.
15:43 of 1st period - Wrist shot by Jack Roslovic.
15:43 of 1st period - Goal by Jack Roslovic - Long Beach Ice Dogs : 2 - Santa Cruz Tiger Sharks : 2.
15:44 of 1st period - Gabriel Vilardi wins face-off versus Jack Roslovic in neutral zone.
15:59 of 1st period - Kailer Yamamoto is hit by Darren Helm and loses puck.
16:42 of 1st period - Slapshot by Justin Schultz.
16:42 of 1st period - Stopped by Mikhail Berdin with a rebound.
16:44 of 1st period - Snap shot by Jansen Harkins.
16:44 of 1st period - Shot Misses the Net.
16:56 of 1st period - Snap shot by Travis Boyd.
16:56 of 1st period - Shot Misses the Net.
17:17 of 1st period - Minor Penalty to Wyatt Kalynuk for Hooking.
17:18 of 1st period - Kevin Rooney wins face-off versus Gabriel Vilardi in Santa Cruz Tiger Sharks zone.
17:56 of 1st period - Kevin Rooney is hit by Victor Rask.
19:04 of 1st period - Victor Rask is hit by Jesper Boqvist and loses puck.
19:17 of 1st period - Penalty to Wyatt Kalynuk is over, Wyatt Kalynuk is back on ice.
19:50 of 1st period - Snap shot by Logan Brown.
19:50 of 1st period - Shot Misses the Net.
19:52 of 1st period - Wrist shot by Trey Fix-Wolansky.
19:52 of 1st period - Deflect By Shane Bowers.
19:52 of 1st period - Deflect By Travis Boyd.
19:52 of 1st period - Stopped by Mikhail Berdin without a rebound.
19:53 of 1st period - Jujhar Khaira wins face-off versus Evgeny Svechnikov in Santa Cruz Tiger Sharks zone.
Goals for this period are 2 for Long Beach Ice Dogs vs 2 for Santa Cruz Tiger Sharks.
Shots for this period are 6 for Long Beach Ice Dogs vs 13 for Santa Cruz Tiger Sharks.
2nd period
0:01 of 2nd period - Victor Rask wins face-off versus Jack Roslovic in neutral zone.
0:10 of 2nd period - Wrist shot by Jack Roslovic.
0:10 of 2nd period - Shot Blocked by Riley Stillman.
0:12 of 2nd period - Snap shot by Jack Roslovic.
0:12 of 2nd period - Shot Hit the Post.
0:14 of 2nd period - Snap shot by Tobias Bjornfot.
0:14 of 2nd period - Shot Misses the Net.
0:34 of 2nd period - Alexander Volkov is hit by Brendan Gallagher and loses puck.
1:11 of 2nd period - Wrist shot by Travis Boyd.
1:11 of 2nd period - Stopped by Lukas Dostal with a rebound.
1:13 of 2nd period - Wrist shot by Jesper Boqvist.
1:13 of 2nd period - Stopped by Lukas Dostal with a rebound.
1:15 of 2nd period - Slapshot by Calle Rosen.
1:15 of 2nd period - Shot Misses the Net.
1:37 of 2nd period - Snap shot by Zack Kassian.
1:37 of 2nd period - Deflect By Victor Rask.
1:37 of 2nd period - Shot Blocked by Hunter Drew.
1:37 of 2nd period - Puck is out of play.
1:38 of 2nd period - Jack Roslovic wins face-off versus Gabriel Vilardi in Santa Cruz Tiger Sharks zone.
1:43 of 2nd period - Backhand shot by Brendan Gallagher.
1:43 of 2nd period - Shot Blocked by Zach Sanford.
1:47 of 2nd period - Snap shot by Brendan Gallagher.
1:47 of 2nd period - Shot Misses the Net.
1:49 of 2nd period - Slapshot by Gabriel Vilardi.
1:49 of 2nd period - Deflect By Darren Helm.
1:49 of 2nd period - Stopped by Mikhail Berdin with a rebound.
1:51 of 2nd period - Wrist shot by Brendan Gallagher.
1:51 of 2nd period - Shot Misses the Net.
1:53 of 2nd period - Snap shot by Brendan Gallagher.
1:53 of 2nd period - Shot Misses the Net.
2:36 of 2nd period - Calle Rosen is hit by Jujhar Khaira and loses puck.
2:54 of 2nd period - Wrist shot by Trey Fix-Wolansky.
2:54 of 2nd period - Deflect By Logan Brown.
2:54 of 2nd period - Stopped by Mikhail Berdin with a rebound.
2:56 of 2nd period - Slapshot by Dysin Mayo.
2:56 of 2nd period - Shot Misses the Net.
3:26 of 2nd period - Kevin Rooney is hit by Victor Rask and loses puck.
4:19 of 2nd period - Snap shot by Kailer Yamamoto.
4:19 of 2nd period - Shot Misses the Net.
4:31 of 2nd period - Snap shot by Brendan Gallagher.
4:31 of 2nd period - Stopped by Mikhail Berdin with a rebound.
4:33 of 2nd period - Snap shot by Darren Helm.
4:33 of 2nd period - Shot Hit the Post.
4:35 of 2nd period - Snap shot by Darren Helm.
4:35 of 2nd period - Shot Misses the Net.
4:53 of 2nd period - Wrist shot by Kieffer Bellows.
4:53 of 2nd period - Shot Misses the Net.
4:55 of 2nd period - Slapshot by Kieffer Bellows.
4:55 of 2nd period - Shot Misses the Net.
4:57 of 2nd period - Slapshot by Austin Strand.
4:57 of 2nd period - Shot Misses the Net.
4:59 of 2nd period - Snap shot by Kevin Rooney.
4:59 of 2nd period - Goal by Kevin Rooney - Long Beach Ice Dogs : 2 - Santa Cruz Tiger Sharks : 3.
5:00 of 2nd period - Jack Roslovic wins face-off versus Gabriel Vilardi in neutral zone.
5:14 of 2nd period - Wrist shot by Gabriel Vilardi.
5:14 of 2nd period - Shot Hit the Post.
5:16 of 2nd period - Wrist shot by Brendan Gallagher.
5:16 of 2nd period - Deflect By Jack Roslovic.
5:16 of 2nd period - Shot Blocked by Zach Sanford.
5:16 of 2nd period - Puck is out of play.
5:17 of 2nd period - Michael McLeod wins face-off versus Zack Kassian in Santa Cruz Tiger Sharks zone.
5:51 of 2nd period - Slapshot by Brendan Gallagher.
5:51 of 2nd period - Stopped by Mikhail Berdin without a rebound.
5:52 of 2nd period - Jack Roslovic wins face-off versus Gabriel Vilardi in Santa Cruz Tiger Sharks zone.
5:57 of 2nd period - Brendan Gallagher is hit by Jack Roslovic and loses puck.
6:18 of 2nd period - Alex Galchenyuk is hit by Kevin Rooney and loses puck.
6:47 of 2nd period - Snap shot by Travis Boyd.
6:47 of 2nd period - Stopped by Lukas Dostal without a rebound.
6:48 of 2nd period - Jack Roslovic wins face-off versus Victor Rask in Long Beach Ice Dogs zone.
6:56 of 2nd period - Off-side.
6:57 of 2nd period - Jack Roslovic wins face-off versus Victor Rask in neutral zone.
7:14 of 2nd period - Wrist shot by Victor Rask.
7:14 of 2nd period - Shot Hit the Post.
7:16 of 2nd period - Backhand shot by Zack Kassian.
7:16 of 2nd period - Shot Misses the Net.
7:18 of 2nd period - Snap shot by Zack Kassian.
7:18 of 2nd period - Shot Blocked by Zach Sanford.
7:20 of 2nd period - Slapshot by Zack Kassian.
7:20 of 2nd period - Goal by Zack Kassian - Long Beach Ice Dogs : 3 - Santa Cruz Tiger Sharks : 3.
7:21 of 2nd period - Gabriel Vilardi wins face-off versus Michael McLeod in neutral zone.
7:32 of 2nd period - Snap shot by Michael McLeod.
7:32 of 2nd period - Deflect By Travis Boyd.
7:32 of 2nd period - Goal by Travis Boyd - Long Beach Ice Dogs : 3 - Santa Cruz Tiger Sharks : 4.
7:33 of 2nd period - Jujhar Khaira wins face-off versus Kevin Rooney in neutral zone.
8:00 of 2nd period - Off-side.
8:01 of 2nd period - Gabriel Vilardi wins face-off versus Michael McLeod in neutral zone.
8:04 of 2nd period - Slapshot by Darren Helm.
8:04 of 2nd period - Stopped by Mikhail Berdin with a rebound.
8:37 of 2nd period - Wrist shot by Gabriel Vilardi.
8:37 of 2nd period - Shot Blocked by Kailer Yamamoto.
8:39 of 2nd period - Wrist shot by Darren Helm.
8:39 of 2nd period - Goal by Darren Helm - Long Beach Ice Dogs : 4 - Santa Cruz Tiger Sharks : 4.
8:40 of 2nd period - Kevin Rooney wins face-off versus Victor Rask in neutral zone.
9:41 of 2nd period - Slapshot by Jansen Harkins.
9:41 of 2nd period - Shot Blocked by Wyatt Kalynuk.
10:06 of 2nd period - Minor Penalty to Riley Stillman for Hooking.
10:07 of 2nd period - Brendan Gallagher wins face-off versus Michael McLeod in Long Beach Ice Dogs zone.
12:06 of 2nd period - Penalty to Riley Stillman is over, Riley Stillman is back on ice.
12:14 of 2nd period - Jansen Harkins is hit by Kevin Rooney and loses puck.
12:31 of 2nd period - David Gustafsson is hit by William Lagesson and loses puck.
13:41 of 2nd period - Michael McLeod is hit by Darren Helm and loses puck.
13:53 of 2nd period - Minor Penalty to Hunter Drew for Roughing.
13:54 of 2nd period - Gabriel Vilardi wins face-off versus Kevin Rooney in Santa Cruz Tiger Sharks zone.
13:59 of 2nd period - Slapshot by Gabriel Vilardi.
13:59 of 2nd period - Deflect By Austin Strand.
13:59 of 2nd period - Stopped by Mikhail Berdin without a rebound.
14:00 of 2nd period - Gabriel Vilardi wins face-off versus Kevin Rooney in Santa Cruz Tiger Sharks zone.
14:09 of 2nd period - Wrist shot by Alexander Volkov.
14:09 of 2nd period - Stopped by Lukas Dostal without a rebound.
14:10 of 2nd period - Kevin Rooney wins face-off versus Alex Galchenyuk in Long Beach Ice Dogs zone.
15:53 of 2nd period - Penalty to Hunter Drew is over, Hunter Drew is back on ice.
16:11 of 2nd period - Wrist shot by Mathieu Olivier.
16:11 of 2nd period - Shot Blocked by Jack Roslovic.
16:13 of 2nd period - Slapshot by William Lagesson.
16:13 of 2nd period - Stopped by Mikhail Berdin with a rebound.
16:15 of 2nd period - Slapshot by William Lagesson.
16:15 of 2nd period - Shot Blocked by Kailer Yamamoto.
18:18 of 2nd period - Wrist shot by Kevin Rooney.
18:18 of 2nd period - Stopped by Lukas Dostal with a rebound.
18:39 of 2nd period - Shane Bowers is hit by Tobias Bjornfot and loses puck.
18:55 of 2nd period - Wyatt Kalynuk is hit by Jujhar Khaira and loses puck.
19:15 of 2nd period - Kevin Rooney is hit by Victor Rask and loses puck.
Goals for this period are 2 for Long Beach Ice Dogs vs 2 for Santa Cruz Tiger Sharks.
Shots for this period are 9 for Long Beach Ice Dogs vs 7 for Santa Cruz Tiger Sharks.
3rd period
0:01 of 3rd period - Victor Rask wins face-off versus Jack Roslovic in neutral zone.
0:09 of 3rd period - Wrist shot by Victor Rask.
0:09 of 3rd period - Shot Misses the Net.
0:11 of 3rd period - Slapshot by Justin Schultz.
0:11 of 3rd period - Deflect By Zack Kassian.
0:11 of 3rd period - Shot Blocked by Tobias Bjornfot.
0:11 of 3rd period - Puck is out of play.
0:12 of 3rd period - Victor Rask wins face-off versus Michael McLeod in Santa Cruz Tiger Sharks zone.
0:13 of 3rd period - Snap shot by Alex Galchenyuk.
0:13 of 3rd period - Stopped by Mikhail Berdin without a rebound.
0:14 of 3rd period - Michael McLeod wins face-off versus Victor Rask in Santa Cruz Tiger Sharks zone.
0:21 of 3rd period - Snap shot by Michael McLeod.
0:21 of 3rd period - Stopped by Lukas Dostal without a rebound.
0:22 of 3rd period - Victor Rask wins face-off versus Michael McLeod in Long Beach Ice Dogs zone.
0:22 of 3rd period - Victor Rask is hit by Jesper Boqvist.
0:36 of 3rd period - Snap shot by Michael McLeod.
0:36 of 3rd period - Stopped by Lukas Dostal without a rebound.
0:37 of 3rd period - Jack Roslovic wins face-off versus Gabriel Vilardi in Long Beach Ice Dogs zone.
0:44 of 3rd period - Snap shot by Kailer Yamamoto.
0:44 of 3rd period - Stopped by Lukas Dostal without a rebound.
0:45 of 3rd period - Jack Roslovic wins face-off versus Gabriel Vilardi in Long Beach Ice Dogs zone.
0:46 of 3rd period - Snap shot by Kailer Yamamoto.
0:46 of 3rd period - Stopped by Lukas Dostal with a rebound.
0:48 of 3rd period - Minor Penalty to Dysin Mayo for Hooking.
0:49 of 3rd period - Brendan Gallagher wins face-off versus Jesper Boqvist in Long Beach Ice Dogs zone.
0:49 of 3rd period - Brendan Gallagher is hit by Jesper Boqvist.
2:48 of 3rd period - Penalty to Dysin Mayo is over, Dysin Mayo is back on ice.
3:01 of 3rd period - Kevin Rooney is hit by Jujhar Khaira and loses puck.
3:19 of 3rd period - Olli Juolevi is hit by Hunter Drew and loses puck.
3:46 of 3rd period - Icing by Zack Kassian.
3:47 of 3rd period - Michael McLeod wins face-off versus Victor Rask in Long Beach Ice Dogs zone.
3:48 of 3rd period - Snap shot by Travis Boyd.
3:48 of 3rd period - Stopped by Lukas Dostal without a rebound.
3:49 of 3rd period - Kevin Rooney wins face-off versus Gabriel Vilardi in Long Beach Ice Dogs zone.
4:23 of 3rd period - Slapshot by Jack Roslovic.
4:23 of 3rd period - Deflect By Zach Sanford.
4:23 of 3rd period - Stopped by Lukas Dostal without a rebound.
4:24 of 3rd period - Michael McLeod wins face-off versus Jujhar Khaira in Long Beach Ice Dogs zone.
4:27 of 3rd period - Wrist shot by Michael McLeod.
4:27 of 3rd period - Shot Misses the Net.
4:37 of 3rd period - Snap shot by Jujhar Khaira.
4:37 of 3rd period - Shot Misses the Net.
4:39 of 3rd period - Slapshot by Janis Moser.
4:39 of 3rd period - Stopped by Mikhail Berdin with a rebound.
4:49 of 3rd period - Tobias Bjornfot is hit by Zack Kassian and loses puck.
5:12 of 3rd period - Trey Fix-Wolansky is hit by Kailer Yamamoto and loses puck.
5:27 of 3rd period - Wrist shot by Jack Roslovic.
5:27 of 3rd period - Stopped by Lukas Dostal with a rebound.
5:29 of 3rd period - Snap shot by Kailer Yamamoto.
5:29 of 3rd period - Shot Blocked by Justin Schultz.
5:59 of 3rd period - Snap shot by Jack Roslovic.
5:59 of 3rd period - Shot Blocked by Dysin Mayo.
6:01 of 3rd period - Slapshot by Wyatt Kalynuk.
6:01 of 3rd period - Shot Misses the Net.
6:03 of 3rd period - Snap shot by Kailer Yamamoto.
6:03 of 3rd period - Shot Blocked by Trey Fix-Wolansky.
6:05 of 3rd period - Snap shot by Hunter Drew.
6:05 of 3rd period - Shot Misses the Net.
6:15 of 3rd period - Wrist shot by Kailer Yamamoto.
6:15 of 3rd period - Stopped by Lukas Dostal with a rebound.
6:17 of 3rd period - Snap shot by Zach Sanford.
6:17 of 3rd period - Stopped by Lukas Dostal with a rebound.
6:19 of 3rd period - Slapshot by Hunter Drew.
6:19 of 3rd period - Shot Misses the Net.
6:21 of 3rd period - Slapshot by Jack Roslovic.
6:21 of 3rd period - Stopped by Lukas Dostal with a rebound.
6:23 of 3rd period - Wrist shot by Kailer Yamamoto.
6:23 of 3rd period - Deflect By Justin Schultz.
6:23 of 3rd period - Stopped by Lukas Dostal with a rebound.
6:25 of 3rd period - Slapshot by Wyatt Kalynuk.
6:25 of 3rd period - Deflect By Zach Sanford.
6:25 of 3rd period - Goal by Zach Sanford - Long Beach Ice Dogs : 4 - Santa Cruz Tiger Sharks : 5.
6:26 of 3rd period - Michael McLeod wins face-off versus Gabriel Vilardi in neutral zone.
6:31 of 3rd period - Wrist shot by Jesper Boqvist.
6:31 of 3rd period - Deflect By Travis Boyd.
6:31 of 3rd period - Goal by Travis Boyd - Long Beach Ice Dogs : 4 - Santa Cruz Tiger Sharks : 6.
6:32 of 3rd period - Michael McLeod wins face-off versus Gabriel Vilardi in neutral zone.
6:47 of 3rd period - Wrist shot by Jesper Boqvist.
6:47 of 3rd period - Shot Misses the Net.
7:06 of 3rd period - Snap shot by Alexander Volkov.
7:06 of 3rd period - Stopped by Lukas Dostal without a rebound.
7:07 of 3rd period - Alex Galchenyuk wins face-off versus Michael McLeod in Long Beach Ice Dogs zone.
7:24 of 3rd period - Sean Day is hit by Justin Schultz.
7:28 of 3rd period - Jesper Boqvist is hit by Alex Galchenyuk and loses puck.
7:43 of 3rd period - Snap shot by Gabriel Vilardi.
7:43 of 3rd period - Stopped by Mikhail Berdin with a rebound.
7:53 of 3rd period - Darren Helm is hit by Kevin Rooney and loses puck.
8:06 of 3rd period - Slapshot by Jack Roslovic.
8:06 of 3rd period - Stopped by Lukas Dostal without a rebound.
8:07 of 3rd period - Jack Roslovic wins face-off versus Jujhar Khaira in Long Beach Ice Dogs zone.
8:10 of 3rd period - Snap shot by Zach Sanford.
8:10 of 3rd period - Stopped by Lukas Dostal without a rebound.
8:11 of 3rd period - Jujhar Khaira wins face-off versus Michael McLeod in Long Beach Ice Dogs zone.
8:37 of 3rd period - Olli Juolevi is hit by Jack Roslovic.
8:45 of 3rd period - Snap shot by Kailer Yamamoto.
8:45 of 3rd period - Deflect By Zach Sanford.
8:45 of 3rd period - Stopped by Lukas Dostal without a rebound.
8:46 of 3rd period - Victor Rask wins face-off versus Kevin Rooney in Long Beach Ice Dogs zone.
8:57 of 3rd period - Zack Kassian is hit by Sean Day and loses puck.
9:18 of 3rd period - Snap shot by Brendan Gallagher.
9:18 of 3rd period - Deflect By Gabriel Vilardi.
9:18 of 3rd period - Shot Misses the Net.
9:18 of 3rd period - Puck is out of play.
9:19 of 3rd period - Gabriel Vilardi wins face-off versus Michael McLeod in Santa Cruz Tiger Sharks zone.
9:44 of 3rd period - Alexander Volkov is hit by Zack Kassian and loses puck.
10:06 of 3rd period - Icing by Alex Galchenyuk.
10:07 of 3rd period - Jack Roslovic wins face-off versus Jansen Harkins in Long Beach Ice Dogs zone.
10:16 of 3rd period - Wrist shot by Jujhar Khaira.
10:16 of 3rd period - Deflect By Jansen Harkins.
10:16 of 3rd period - Stopped by Mikhail Berdin without a rebound.
10:17 of 3rd period - Michael McLeod wins face-off versus Gabriel Vilardi in Santa Cruz Tiger Sharks zone.
10:24 of 3rd period - Snap shot by Brendan Gallagher.
10:24 of 3rd period - Stopped by Mikhail Berdin with a rebound.
10:26 of 3rd period - Slapshot by Riley Stillman.
10:26 of 3rd period - Deflect By Gabriel Vilardi.
10:26 of 3rd period - Stopped by Mikhail Berdin without a rebound.
10:27 of 3rd period - Michael McLeod wins face-off versus Gabriel Vilardi in Santa Cruz Tiger Sharks zone.
10:27 of 3rd period - Michael McLeod is hit by Riley Stillman.
10:33 of 3rd period - Darren Helm is hit by Calle Rosen and loses puck.
10:40 of 3rd period - Slapshot by Jesper Boqvist.
10:40 of 3rd period - Stopped by Lukas Dostal without a rebound.
10:41 of 3rd period - Jack Roslovic wins face-off versus Zack Kassian in Long Beach Ice Dogs zone.
10:44 of 3rd period - Snap shot by Kailer Yamamoto.
10:44 of 3rd period - Shot Misses the Net.
10:46 of 3rd period - Wrist shot by Kailer Yamamoto.
10:46 of 3rd period - Shot Misses the Net.
10:48 of 3rd period - Snap shot by Kailer Yamamoto.
10:48 of 3rd period - Stopped by Lukas Dostal with a rebound.
10:50 of 3rd period - Slapshot by Tobias Bjornfot.
10:50 of 3rd period - Deflect By Zack Kassian.
10:50 of 3rd period - Stopped by Lukas Dostal without a rebound.
10:51 of 3rd period - Jack Roslovic wins face-off versus Zack Kassian in Long Beach Ice Dogs zone.
11:52 of 3rd period - Backhand shot by Zack Kassian.
11:52 of 3rd period - Stopped by Mikhail Berdin with a rebound.
12:55 of 3rd period - Snap shot by Jack Roslovic.
12:55 of 3rd period - Stopped by Lukas Dostal with a rebound.
12:57 of 3rd period - Backhand shot by Tobias Bjornfot.
12:57 of 3rd period - Stopped by Lukas Dostal without a rebound.
12:58 of 3rd period - Michael McLeod wins face-off versus Gabriel Vilardi in Long Beach Ice Dogs zone.
12:59 of 3rd period - Wrist shot by Travis Boyd.
12:59 of 3rd period - Shot Misses the Net.
13:13 of 3rd period - Snap shot by Brendan Gallagher.
13:13 of 3rd period - Stopped by Mikhail Berdin with a rebound.
13:32 of 3rd period - Sean Day is hit by Jujhar Khaira and loses puck.
13:49 of 3rd period - Sean Day is hit by William Lagesson and loses puck.
15:45 of 3rd period - David Gustafsson is hit by Jujhar Khaira and loses puck.
17:40 of 3rd period - Wyatt Kalynuk is hit by Logan Brown and loses puck.
18:30 of 3rd period - Icing by Justin Schultz.
18:31 of 3rd period - Victor Rask wins face-off versus Kevin Rooney in Long Beach Ice Dogs zone.
18:36 of 3rd period - Tobias Bjornfot is hit by Alex Galchenyuk and loses puck.
19:41 of 3rd period - Calle Rosen is hit by Janis Moser and loses puck.
Goals for this period are 0 for Long Beach Ice Dogs vs 2 for Santa Cruz Tiger Sharks.
Shots for this period are 8 for Long Beach Ice Dogs vs 22 for Santa Cruz Tiger Sharks.
Back to the Top